Match 45984256
Unlisted

Match 45984256
End
Selects Airborne Battlegroup
Selects Heavy Machine Gun Paradrop
Heavy Machine Gun Paradrop
Construct Barracks
Construct Weapon Support Center
Bazooka Squad
Heavy Machine Gun Paradrop
Air Support Center
Improved M9 Bazooka Rockets
M3 Armored Personnel Carrier
Grasshopper Recon Run
P-47 Strafing Run
Selects Paratrooper Squad Paradrop
P-47 Dive Bomb
Paratrooper Squad Paradrop
P-47 Strafing Run
Paratrooper Squad Paradrop
Selects Recon Loiter
Engineer Squad
Grasshopper Recon Run
Construct Medical Station
Construct Tank Depot
P-47 Dive Bomb
P-47 Strafing Run
Selects Supply Drop
Selects Anti-tank Gun Team Paradrop
Grasshopper Recon Run
M4A1 Sherman Medium Tank
Paratrooper Squad Paradrop
Anti-tank Gun Team Paradrop
Heavy Machine Gun Paradrop
Supply Drop
Grasshopper Recon Run
P-47 Strafing Run
Heavy Machine Gun Paradrop
Anti-tank Gun Team Paradrop
Paratrooper Squad Paradrop
Double Sortie
M3 Armored Personnel Carrier
Grasshopper Recon Run
P-47 Strafing Run
P-47 Dive Bomb
Selects Carpet Bombing Run
Recon Loiter
Carpet Bombing Run
Chieftain
BaTroNN
ComradeIgor
GhostDePhantom
Seven
mi prima de Cifuentes
Lonewolf42
not step back
0
0

Comments sign in to comment!

No comments posted yet!